 Dungeon Crawl Stone Soup version 0.31-a0-1570-g93c622d222 (webtiles) character file.

Game seed: 11035941486810453949

55 Flugslaktarn the Apothecary (level 3, 0/18 HPs)
             Began as an Octopode Alchemist on Jan 3, 2024.
             Was a Believer of Hepliaklqana.
             Slain by a black bear (3 damage)
             ... on level 4 of the Dungeon.
             The game lasted 00:02:14 (775 turns).

Flugslaktarn the Apothecary (Octopode Alchemist)     Turns: 775, Time: 00:02:15

Health: 0/18       AC:  1    Str:  7    XL:     3   Next: 93%
Magic:  4/7        EV: 13    Int: 19    God:    Hepliaklqana [**....]
Gold:   75         SH:  0    Dex: 12    Spells: 6/7 levels left

rFire   . . .        i - +0 dire flail
rCold   . . .        (shield currently unavailable)
rNeg    . . .        (helmet restricted)
rPois   .            (no amulet)
rElec   .            (no ring)
rCorr   .            (no ring)
SInv    .            (no ring)
Will    .....        (no ring)
Stlth   +++          (no ring)
HPRegen 0.23/turn    (no ring)
MPRegen 0.10/turn    (no ring)
                     (no ring)

%: no passive effects
@: no status effects
A: reduced essence, almost no armour, amphibious, 8 rings, camouflage 1,
gelatinous body 1, (nimble swimmer 1), tentacles
a: Renounce Religion, Recall Ancestor, Ancestor Identity


You were on level 4 of the Dungeon.
You worshipped Hepliaklqana.
Hepliaklqana was pleased with you.
You visited 1 branch of the dungeon, and saw 4 of its levels.

You collected 75 gold pieces.

Inventory:

Hand Weapons
 d - a +0 dagger
   (You took it off a goblin on level 1 of the Dungeon)
 i - a +0 dire flail (weapon)
   (You found it on level 3 of the Dungeon)
Jewellery
 c - a ring of fire
   (You found it on level 1 of the Dungeon)
Wands
 j - a wand of flame (7)
   (You found it on level 3 of the Dungeon)
Scrolls
 a - a scroll of identify {unknown}
 e - a scroll of noise {unknown}
 f - a scroll of enchant armour {unknown}
 k - a scroll of immolation {unknown}
Potions
 b - a potion of haste {unknown}
 g - 2 potions of curing {unknown}
 h - 2 potions of magic


   Skills:
 - Level 2.0 Dodging
 - Level 2.6 Stealth
 + Level 2.7 Spellcasting
 - Level 1.0 Conjurations
 * Level 4.6 Alchemy


You had 6 spell levels left.
You knew the following spells:

 Your Spells              Type           Power      Damage    Failure   Level
a - Sting                 Conj/Alch      52%        1d6       4%          1

Your spell library contained the following spells:

 Spells                   Type           Power      Damage    Failure   Level
 Mercury Vapours          Alch/Air       22%        N/A       9%          2
 Mephitic Cloud           Conj/Alch/Air  9%         N/A       22%         3
 Olgreb's Toxic Radiance  Alch           20%        N/A       24%         4
 Sticky Flame             Fire/Alch      11%        2d5       52%         4


Dungeon Overview and Level Annotations

Branches:
Dungeon (4/15)
 Temple: D:4-7

Altars:
Hepliaklqana

Shops:
D:1 [


Innate Abilities, Weirdness & Mutations

Your life essence is reduced to manifest your ancestor. (-10% HP)
You cannot wear most types of armour.
You are amphibious.
You can wear up to eight rings at the same time.
Your skin changes colour to match your surroundings (Stealth+).
Your rubbery body absorbs attacks. (AC +1, EV +1)
((You are camouflaged when in or above water. (Stealth+)))
You have tentacles for arms and can constrict up to eight enemies at once.


Message History

No target in view!
There is a stone staircase leading up here.
Found a stone staircase leading down.
There is a stone staircase leading down here.
A dart slug comes into view.
Found a chain mail.
Unknown command.
Casting: Sting (safe; 4% risk of failure)
Confirm with . or Enter, or press ? or * to list all spells.
Aiming: Sting (safe; 4% risk of failure)
Press: ? - help, Shift-Dir - straight line, f - dart slug
Aim: a dart slug (ally target, 100% to hit)
The sting hits the dart slug.
The dart slug is poisoned.
The dart slug is lightly wounded.
Casting: Sting (safe; 4% risk of failure)
Confirm with . or Enter, or press ? or * to list all spells.
Aiming: Sting (safe; 4% risk of failure)
Press: ? - help, Shift-Dir - straight line, f/p - dart slug
Aim: a dart slug (moderately wounded, poisoned, ally target, 100% to hit)
The sting hits the dart slug.
The dart slug looks even sicker.
The dart slug is almost dead.
You kill the dart slug!
You swap places.
Found 3 stones.
Unknown command.
An endoplasm comes into view.
The endoplasm quivers.
Unknown command.
Something points at the endoplasm and mumbles some strange words.
The endoplasm resists with significant effort.
Casting: Sting (safe; 4% risk of failure)
Confirm with . or Enter, or press ? or * to list all spells.
Aiming: Sting (safe; 4% risk of failure)
Press: ? - help, Shift-Dir - straight line, f - endoplasm
Aim: an endoplasm (ally target, 98% to hit)
The sting hits the endoplasm.
The endoplasm partially resists.
The endoplasm is severely wounded.
Casting: Sting (safe; 4% risk of failure)
Confirm with . or Enter, or press ? or * to list all spells.
Aiming: Sting (safe; 4% risk of failure)
Press: ? - help, Shift-Dir - straight line, f/p - endoplasm
Aim: an endoplasm (severely wounded, ally target, 98% to hit)
The sting hits the endoplasm.
The endoplasm partially resists.
The endoplasm is poisoned.
The endoplasm is almost dead.
You kill the endoplasm!
No target in view!
Found an escape hatch in the ceiling.
k - a scroll labelled YSTEABE WYLLAM Unknown command.
A black bear comes into view.
Found a scroll labelled WIMUSCH UNKAMIL.
The black bear growls angrily.
A black bear is nearby!
Unknown command.
Casting: Sting (safe; 4% risk of failure)
Confirm with . or Enter, or press ? or * to list all spells.
Aiming: Sting (safe; 4% risk of failure)
Press: ? - help, Shift-Dir - straight line, f - black bear
Aim: a black bear (ally target, 79% to hit)
The sting hits the black bear.
The black bear is poisoned.
The black bear is lightly wounded.
Casting: Sting (safe; 4% risk of failure)
Confirm with . or Enter, or press ? or * to list all spells.
Aiming: Sting (safe; 4% risk of failure)
Press: ? - help, Shift-Dir - straight line, f/p - black bear
Aim: a black bear (lightly wounded, poisoned, ally target, 79% to hit)
The sting hits the black bear.
The black bear looks even sicker.
The black bear is lightly wounded.
Casting: Sting (safe; 4% risk of failure)
Confirm with . or Enter, or press ? or * to list all spells.
Aiming: Sting (safe; 4% risk of failure)
Press: ? - help, Shift-Dir - straight line, f/p - black bear
Aim: a black bear (lightly wounded, very poisoned, ally target, 79% to hit)
The sting hits the black bear.
The black bear looks even sicker.
The black bear is moderately wounded.
The black bear bites Something.
The black bear claws Something. x2
Something is destroyed!
You see here 3 stones.
The black bear goes berserk!
Casting: Sting (safe; 4% risk of failure)
Confirm with . or Enter, or press ? or * to list all spells.
Aiming: Sting (safe; 4% risk of failure)
Press: ? - help, Shift-Dir - straight line, f/p - black bear
Aim: a black bear (severely wounded, berserk, poisoned, 79% to hit)
The sting hits the black bear but does no damage.
The black bear looks even sicker.
The black bear is severely wounded.
The black bear closely misses you. The black bear claws you. x2
Casting: Sting (safe; 4% risk of failure)
Confirm with . or Enter, or press ? or * to list all spells.
Aiming: Sting (safe; 4% risk of failure)
Press: ? - help, Shift-Dir - straight line, f/p - black bear
Aim: a black bear (severely wounded, berserk, poisoned, 79% to hit)
The sting hits the black bear.
The black bear looks even sicker.
The black bear is almost dead.
The black bear bites you!
* * * LOW HITPOINT WARNING * * *
The black bear claws you.
You die...

.................#
#.......#
.................#
#.<.†.(.+
.................#
#.#.....#
####.....(...#####
#.#.....#
#.#######..#
#.#.....# #.#
#..### #.#######
### #....## #.#
#.##h.## #.#
####.###@.# #.#
..........# #.#
.###.###..## #.#
..# #...###.# ..
#.#...#.# ..
#.###.>.# #.#
##.## #.# #.# #[#
#.#


You could see a black bear (berserk, very poisoned).

Vanquished Creatures
  An adder (D:3)
  2 dart slugs
  5 endoplasms
  6 goblins
  A hobgoblin (D:1)
  3 jackals
  3 quokkas
  3 ball pythons
  2 frilled lizards
  3 kobolds
  3 rats
32 creatures vanquished.

Vanquished Creatures (collateral kills)
  An orc (D:3)
  A ball python (D:1)
  An endoplasm (D:1)
  A goblin (D:3)
  A hobgoblin (D:3)
  A kobold (D:1)
6 creatures vanquished.

Vanquished Creatures (others)
  2 ancestors
  A hexer (D:4)
3 creatures vanquished.

Grand Total: 41 creatures vanquished

Notes
Turn   | Place    | Note
-------+----------+-------------------------------------------
     0 | D:1      | Flugslaktarn the Octopode Alchemist began the quest for the
                  | Orb.
     0 | D:1      | Reached XP level 1. HP: 11/11 MP: 3/3
    15 | D:1      | Found Juxtal Kutt's Armour Emporium.
    25 | D:1      | Found a faded altar of an unknown god.
    35 | D:1      | Prayed at the altar of an unknown god.
    35 | D:1      | Became a worshipper of Hepliaklqana the Forgotten
    35 | D:1      | Reached * piety under Hepliaklqana
    91 | D:1      | Reached XP level 2. HP: 15/15 MP: 0/5
   253 | D:1      | Reached skill level 4 in Alchemy
   406 | D:2      | Reached XP level 3. HP: 18/18 MP: 3/6
   626 | D:3      | Reached ** piety under Hepliaklqana
   627 | D:3      | Remembered your ancestor Something as a hexer
   749 | D:4      | Noticed a black bear
   775 | D:4      | Slain by a black bear

Illustrated notes

Levels and vault maps discovered:
D:1:      lightli_arrival_noodles, layout_rooms,
          chequers_ecumenical_altar_simple, serial_shops, shop,
          minmay_misc_feat_tiny, minmay_misc_feat_rows, minmay_pentomino_t4
D:2:      layout_basic, uniq_sigmund
D:3:      layout_rooms
D:4:      layout_basic

Skill      XL: |  1  2 |
---------------+-------+-----
Alchemy        | 4 |  4.6
Dodging        | |  2.0
Stealth        | |  2.6
Spellcasting   | |  2.7
Conjurations   | |  1.0

Action                     || total
---------------------------++-------
  Melee: Unarmed           ||     2
         Dagger            ||    22
         Tentacles         ||     5
         Constrict         ||     4
   Cast: Sting             ||    53
 Invoke: Ancestor Identity ||     1
         Ancestor Life: He ||     1
    Use: Potion            ||     1
 Armour: Skin              ||    25
  Dodge: Dodged            ||    27

Table legend: (Time is in decaauts)
 A = Elapsed time spent in this place.
 B = Non-inter-level travel time spent in this place.
 C = Inter-level travel time spent in this place.
 D = Time resting spent in this place.
 E = Time spent auto-exploring this place.
 F = Levels seen in this place.
 G = Mean time per level.
                   A        B        C        D        E       F      G
               +--------+--------+--------+--------+--------+-----+--------+
         Total |    774 |    728 |     46 |      0 |    435 |   4 |  193.5 |
       Dungeon |    774 |    728 |     46 |      0 |    435 |   4 |  193.5 |
               +--------+--------+--------+--------+--------+-----+--------+

Top non-repeatable levels by time:
     D:1: 342 daAuts
     D:3: 236 daAuts
     D:2: 106 daAuts
     D:4: 88 daAuts
